 Dungeon Crawl Stone Soup version 0.26-a0-259-g1effd001a9 (webtiles) character file.

Game seed: 13092301033170634769

944 drasked the Chopper (level 8, -3/76 HPs)
             Began as a Gargoyle Berserker on July 15, 2020.
             Was an Elder of Trog.
             Slain by an orc warrior
             ... wielding a +0 hand axe
              (10 damage)
             ... on level 5 of the Dungeon.
             The game lasted 00:07:17 (5165 turns).

drasked the Chopper (Gargoyle Berserker)            Turns: 5165, Time: 00:07:17

Health: -3/76      AC: 21    Str: 23    XL:     8   Next: 12%
Magic:  8/8        EV:  8    Int:  8    God:    Trog [****..]
Gold:   298        SH:  0    Dex:  9    Spells: 7/7 levels left

rFire    . . .     SeeInvis .   a - +0 hand axe
rCold    . . .     Faith    .   (no shield)
rNeg     + . .     Spirit   .   v - +0 chain mail (curse)
rPois    ∞         Reflect  .   n - +2 helmet
rElec    +         Harm     .   r - +0 cloak
rCorr    .                      (no gloves)
MR       .....                  d - +0 pair of boots
Stlth    ..........             (no amulet)
HPRegen  0.22/turn              B - ring of flight {+Fly, !d}
MPRegen  0.11/turn              (no ring)

@: berserking, very quick
A: negative energy resistance 1, electricity resistance, unbreathing,
petrification resistance, rot immunity, AC +5
a: Berserk, Trog's Hand, Brothers in Arms, Renounce Religion, Evoke Flight


You were on level 5 of the Dungeon.
You worshipped Trog.
Trog was greatly pleased with you.
You were not hungry.

You visited 1 branch of the dungeon, and saw 6 of its levels.

You collected 298 gold pieces.

Inventory:

Hand Weapons
 a - a +0 hand axe (weapon)
 z - a +0 spear of flaming
   (You took it off a gnoll on level 4 of the Dungeon)
Missiles
 y - 4 curare-tipped darts
 Q - 73 stones (quivered)
Armour
 d - a +0 pair of boots (worn)
   (You found it on level 1 of the Dungeon)
 n - a +2 helmet (worn)
   (You found it on level 1 of the Dungeon)
 r - a +0 cloak (worn)
   (You took it off Crazy Yiuf on level 2 of the Dungeon)
 v - a cursed +0 chain mail (worn)
   (You found it on level 3 of the Dungeon)
Jewellery
 B - a ring of flight (left hand) {+Fly, !d}
   (You found it on level 5 of the Dungeon)
Scrolls
 h - 4 scrolls of enchant weapon {unknown}
 i - 2 scrolls of teleportation {unknown}
 j - 5 scrolls of identify {unknown}
 k - 2 scrolls of enchant armour {unknown}
 l - 2 scrolls of immolation {unknown}
 m - a scroll of fear {unknown}
 s - 2 scrolls of random uselessness {unknown}
 t - 3 scrolls of remove curse {unknown}
 w - a scroll of fog {unknown}
 x - 2 scrolls of magic mapping {unknown}
 A - a scroll of blinking {unknown}
Potions
 b - a potion of mutation {unknown}
 c - a potion of lignification {unknown}
 f - a potion of haste {unknown}
 g - a potion of invisibility {unknown}
 o - 2 potions of heal wounds {unknown}
 p - 3 potions of degeneration {unknown}
 q - a potion of cancellation {unknown}
 u - a potion of stabbing {unknown}
 C - a potion of berserk rage {unknown}
Comestibles
 e - 12 rations


   Skills:
 + Level 5.9 Fighting
 * Level 6.4 Axes
 + Level 5.3 Armour
 - Level 1.5 Dodging


You had 7 spell levels left.
You didn't know any spells.
Your spell library was empty.

Dungeon Overview and Level Annotations

Branches:
Dungeon (6/15)             Temple (0/1) D:4

Altars:
Ashenzari
Dithmenos
Fedhas
Makhleb
Qazlal
Ru
Sif Muna
Trog
Uskayaw
Wu Jian
The Shining One


Innate Abilities, Weirdness & Mutations

You are resistant to torment.
Your stone body is resilient. (AC +5)
You are immune to poison.
You resist negative energy. (rN+)
You are resistant to electric shocks. (rElec)
You can survive without breathing.
You are immune to petrification.
You are immune to rotting.


Message History

There is a stone staircase leading up here.
You now have 298 gold pieces (gained 4).
Q - 74 stones (gained 17) Done exploring.
Done exploring.
Done exploring.
Done exploring.
Done exploring.
Done exploring.
B - a ring of flight (left hand) Done exploring.
Done exploring.
There is a stone staircase leading down here.
You climb downwards. 2 orcs come into view.
An orc is wielding a +0 hand axe of flaming.
The orc shouts! x2; You hear a shout! x2
There is a stone staircase leading up here.
You hit the orc. The orc hits you but does no damage.
You hit the orc.
You kill the orc!
You barely miss the orc. The orc barely misses you.
You slash the orc!
You kill the orc!
An orc warrior comes into view. It is wielding a +0 hand axe.
Throwing (i - inventory. (/) - cycle)
Q - 74 stones (quivered)
Aim: an orc warrior, wielding a +0 hand axe and wearing a +0 chain mail You throw a stone.
The stone closely misses the orc warrior.
You barely miss the orc warrior.
The orc warrior hits you with a +0 hand axe!
You hit the orc warrior but do no damage.
The orc warrior closely misses you.
You hit the orc warrior.
The orc warrior hits you but does no damage.
You closely miss the orc warrior.
The orc warrior hits you but does no damage.
You hit the orc warrior.
The orc warrior hits you but does no damage.
You hit the orc warrior but do no damage.
An orc priest comes into view. It is wielding a +0 club.
The orc warrior hits you with a +0 hand axe!
Your chain mail prevents you from hitting the orc warrior.
The orc priest shouts!
The orc warrior hits you but does no damage.
You hit the orc warrior but do no damage.
The orc warrior closely misses you.
You slash the orc warrior!
The orc warrior hits you with a +0 hand axe.
You hit the orc warrior but do no damage.
The orc priest miscasts a cantrip.
You closely miss the orc warrior.
The orc warrior hits you but does no damage.
The orc priest calls upon Beogh to heal the orc warrior.
The orc warrior is healed somewhat.
You barely miss the orc warrior.
The orc warrior hits you but does no damage.
The orc priest calls upon Beogh to heal the orc warrior.
The orc warrior is healed somewhat.
You hit the orc warrior. The orc warrior barely misses you.
You hit the orc warrior.
The orc priest calls upon Beogh to heal the orc warrior.
The orc warrior's wounds heal themselves!
The orc warrior hits you with a +0 hand axe.
* * * LOW HITPOINT WARNING * * *
You closely miss the orc warrior.
The orc warrior hits you but does no damage.
You closely miss the orc warrior.
The orc warrior hits you but does no damage.
You slash the orc warrior!
The orc warrior hits you but does no damage.
The orc priest looks encouraged for a moment.
The orc warrior hits you with a +0 hand axe.
* * * LOW HITPOINT WARNING * * *
You climb upwards.
There is a stone staircase leading down here.
You hit the orc warrior.
The orc warrior hits you with a +0 hand axe!
* * * LOW HITPOINT WARNING * * *
You barely miss the orc warrior.
The orc warrior hits you but does no damage.
You hit the orc warrior but do no damage.
You barely miss the orc warrior.
The orc warrior hits you with a +0 hand axe!
* * * LOW HITPOINT WARNING * * *
A red film seems to cover your vision as you go berserk!
You feel yourself moving faster!
You feel mighty!
The orc warrior hits you but does no damage.
You closely miss the orc warrior.
The orc warrior hits you with a +0 hand axe!
* * * LOW HITPOINT WARNING * * *
You hit the orc warrior but do no damage.
Your chain mail prevents you from hitting the orc warrior.
The orc warrior hits you but does no damage.
You slash the orc warrior! You hit the orc warrior.
The orc warrior hits you but does no damage.
You closely miss the orc warrior.
The orc warrior hits you with a +0 hand axe!
You die...

#.......... #.......... ########
##....##.#.
#######......###########.#####...
............................#....
#######......#####...............
...####......#####............[..
##...............o...............
..#####.........@......##.##.....
#...###............##.###.##.#..<
.##...........#######.# #....#...
.####........## #.###..###...
......#..##### #.##...# ##..
.#.........### #.##..####..#
........##...########.##..###..##
..............................#..
.<...##...#...######...##........


You could see an orc warrior.

Levels and vault maps discovered:
D:1:      minmay_arrival_stair_chambers, layout_basic
D:2:      layout_loops_cross, fedhas_altar_3, minmay_misc_feat_iff,
          kennysheep_decorative_pillar, uniq_sigmund, uniq_crazy_yiuf_cottage
D:3:      layout_loops_corners, nicolae_ru_great_annihilating_truth,
          chequers_ecumenical_altar_simple_redux, bloody_trog
D:4:      layout_rooms, nicolae_qazlal_general_emergency,
          grunt_dithmenos_smoke_and_mirrors, minmay_temple_entry_statues_pillars
D:5:      layout_rooms, eat_drink_and_be_merry_uskayaw,
          minmay_overflow_temple_star_quad, bloody_makhleb, first_ration,
          nicolae_tso_besieged_by_evil
D:6:      layout_loops_ring, serial_shops, shop

Notes
Turn   | Place    | Note
-------+----------+-------------------------------------------
     0 | D:1      | drasked the Gargoyle Berserker began the quest for the Orb.
     0 | D:1      | Reached XP level 1. HP: 14/14 MP: 1/1
    41 | D:1      | Identified a +0 club
    43 | D:1      | Identified a +0 dagger
    61 | D:1      | Reached skill level 3 in Axes
    61 | D:1      | Reached XP level 2. HP: 14/19 MP: 2/2
    67 | D:1      | Identified a +0 pair of boots (You found it on level 1 of
                  | the Dungeon)
   213 | D:1      | Identified a +0 short sword
   383 | D:1      | Identified a +0 club
   386 | D:1      | Identified a +0 club
   405 | D:1      | Identified a cursed -3 club
   501 | D:1      | Identified a +0 ring mail (You found it on level 1 of the
                  | Dungeon)
   509 | D:1      | Identified a +0 club
   510 | D:1      | Identified a +0 dagger
   518 | D:1      | Reached XP level 3. HP: 19/23 MP: 3/3
   619 | D:1      | Identified a +0 dagger
   680 | D:1      | Reached ** piety under Trog
   770 | D:2      | Found a blossoming altar of Fedhas.
  1036 | D:2      | Identified a +0 scythe
  1036 | D:2      | Identified a +2 robe of magic resistance
  1036 | D:2      | Noticed Sigmund
  1194 | D:2      | Reached XP level 4. HP: 29/29 MP: 4/4
  1224 | D:2      | Killed Sigmund
  1224 | D:2      | Reached skill level 4 in Fighting
  1224 | D:2      | Reached skill level 4 in Axes
  1224 | D:2      | Reached skill level 3 in Armour
  1224 | D:2      | Reached XP level 5. HP: 34/34 MP: 5/5
  1353 | D:2      | Reached XP level 6. HP: 36/39 MP: 6/6
  1545 | D:2      | Found a runed translucent door.
  1546 | D:2      | Identified a +4 quarterstaff of chaos
  1546 | D:2      | Identified a +0 cloak
  1546 | D:2      | Noticed Crazy Yiuf
  1771 | D:2      | Killed Crazy Yiuf
  1858 | D:3      | Identified a +0 mace
  1858 | D:3      | Identified a +0 leather armour
  1876 | D:3      | Reached skill level 4 in Armour
  1945 | D:3      | Identified a +0 hand axe
  1951 | D:3      | Identified a +0 short sword
  1989 | D:3      | Identified a +2 helmet (You found it on level 1 of the
                  | Dungeon)
  2102 | D:3      | Identified a +0 dagger
  2102 | D:3      | Identified a +0 shortbow
  2102 | D:3      | Identified a +0 animal skin
  2115 | D:3      | Reached skill level 5 in Axes
  2313 | D:3      | Identified a +0 club
  2390 | D:3      | Identified a +0 hand axe
  2445 | D:3      | Found a faded altar of an unknown god.
  2447 | D:3      | Identified a +0 club
  2447 | D:3      | Identified a +0 leather armour
  2492 | D:3      | Identified a +0 flail
  2492 | D:3      | Identified a +0 leather armour
  2493 | D:3      | Identified a +0 short sword
  2625 | D:3      | Found a sacrificial altar of Ru.
  2633 | D:3      | Reached skill level 5 in Fighting
  2636 | D:3      | Identified a +0 dagger
  2636 | D:3      | Identified a +0 robe
  2649 | D:3      | Reached XP level 7. HP: 44/44 MP: 7/7
  2871 | D:3      | Found a bloodstained altar of Trog.
  2973 | D:3      | Identified a +0 dagger
  2973 | D:3      | Identified a +0 robe
  2973 | D:3      | Identified a +0 trident
  2973 | D:3      | Identified a +0 chain mail
  2990 | D:3      | Reached *** piety under Trog
  3069 | D:3      | Identified a +0 falchion
  3069 | D:3      | Identified a +0 chain mail
  3069 | D:3      | Identified a +0 flail
  3069 | D:3      | Identified a cursed -1 scale mail
  3069 | D:3      | Identified a +0 hand axe
  3076 | D:3      | HP: 6/44 [orc priest/divine providence (14)]
  3129 | D:3      | Identified a cursed +0 chain mail (You found it on level 3
                  | of the Dungeon)
  3421 | D:4      | Identified a +0 dagger
  3421 | D:4      | Identified a +0 robe
  3421 | D:4      | Identified a +0 dagger
  3421 | D:4      | Identified a cursed -1 trident
  3421 | D:4      | Identified a +0 scale mail
  3421 | D:4      | Identified a cursed +0 ring mail
  3501 | D:4      | Found a staircase to the Ecumenical Temple.
  3509 | D:4      | Found a stormy altar of Qazlal.
  3687 | D:4      | Found a shadowy altar of Dithmenos.
  3811 | D:4      | Identified a +0 flail
  3811 | D:4      | Identified a +0 chain mail
  3811 | D:4      | Identified a +0 scale mail
  3812 | D:4      | Identified a +0 hand axe
  3812 | D:4      | Identified a +0 leather armour
  3814 | D:4      | Identified a +0 dagger
  3814 | D:4      | Identified a +0 robe
  3892 | D:4      | Identified a +0 club
  3892 | D:4      | Identified a +0 spear of flaming
  3892 | D:4      | Identified a +0 club
  3892 | D:4      | Identified a +0 halberd
  3928 | D:4      | Reached skill level 5 in Armour
  3931 | D:4      | Reached skill level 6 in Axes
  4238 | D:5      | Entered Level 5 of the Dungeon
  4269 | D:5      | Found a glowing golden altar of the Shining One.
  4281 | D:5      | Reached **** piety under Trog
  4577 | D:5      | Reached XP level 8. HP: 49/51 MP: 8/8
  4589 | D:5      | Identified a +0 giant club
  4827 | D:5      | Found a shimmering blue altar of Sif Muna.
  4833 | D:5      | Found a shattered altar of Ashenzari.
  4836 | D:5      | Found an ornate altar of the Wu Jian Council.
  4884 | D:5      | Found a hide-covered altar of Uskayaw.
  4947 | D:5      | Found a burning altar of Makhleb.
  5103 | D:5      | Identified a ring of flight (You found it on level 5 of the
                  | Dungeon)
  5130 | D:6      | Identified a +0 hand axe
  5130 | D:6      | Identified a +0 hand axe of flaming
  5134 | D:6      | Identified a +0 hand axe
  5134 | D:6      | Identified a +0 chain mail
  5141 | D:6      | Identified a +0 club
  5141 | D:6      | Identified a +0 leather armour
  5158 | D:5      | HP: 11/51 [orc warrior/+0 hand axe (9)]
  5165 | D:5      | Slain by an orc warrior

Table legend:
 A = Turns spent in this place as a percentage of turns spent in the entire game.
 B = Non-inter-level travel turns spent in this place as a percentage of non-inter-level travel turns spent in the entire game.
 C = Inter-level travel turns spent in this place as a percentage of turns spent in this place.
 D = Turns resting spent in this place as a percentage of non-inter-level travel turns spent in this place.
 E = Turns spent auto-exploring this place as a percentage of non-inter-level travel turns spent in this place.
 F = Non-inter-level travel turns spent in this place divided by the number of levels of this place that you've seen.
                   A       B       C       D       E      F
               +-------+-------+-------+-------+-------+----------------------
         Total | 100.0 | 100.0 |   3.4 |  29.4 |  50.8 | 831.5
       Dungeon | 100.0 | 100.0 |   3.4 |  29.4 |  50.8 | 831.5
               +-------+-------+-------+-------+-------+----------------------

Table legend:
 A = Kills in this place as a percentage of kills in entire the game.
 B = Kills by you in this place as a percentage of kills by you in the entire game.
 C = Kills by friends in this place as a percentage of kills by friends in the entire game.
 D = Other kills in this place as a percentage of other kills in the entire game.
 E = Experience gained in this place as a percentage of experience gained in the entire game.
 F = Experience gained in this place divided by the number of levels of this place that you have seen.
                   A       B       C       D       E      F
               +-------+-------+-------+-------+-------+----------------------
         Total | 100.0 | 100.0 |   N/A |   N/A | 100.0 | 224.8
       Dungeon | 100.0 | 100.0 |   N/A |   N/A | 100.0 | 224.8
               +-------+-------+-------+-------+-------+----------------------

Skill      XL: |  1  2  3  4  5  6  7 |
---------------+----------------------+-----
Axes           | 3 4 5 6 |  6.4
Fighting       | 4 5 |  5.9
Armour         | 3 4 5 |  5.3
Dodging        | |  1.5

Action                   |  1- 3 |  4- 6 |  7- 9 || total
-------------------------+-------+-------+-------++-------
Melee: Hand axe          |   117 |   136 |   259 ||   512
Throw: Stone             |    22 |    29 |    75 ||   126
Invok: Trog's Hand       |     1 |       |       ||     1
       Berserk           |       |     2 |     3 ||     5
 Stab: Paralysed         |       |     3 |       ||     3
  Eat: Ration            |     1 |     1 |     2 ||     4
Armor: Animal skin       |    24 |       |       ||    24
       Ring mail         |    71 |    65 |    34 ||   170
       Chain mail        |       |       |   131 ||   131
Dodge: Dodged            |   119 |    80 |   118 ||   317

Vanquished Creatures
  Sigmund (D:2)
  An ogre (D:5)
  A centaur (D:3)
  A scorpion (D:5)
  4 orc wizards
  2 orc priests (D:3)
  A centaur skeleton (D:5)
  Crazy Yiuf (D:2)
  An iron imp (D:5)
  3 worker ants (D:4)
  4 gnolls (D:4)
  7 adders
  An ooze (D:2)
  An adder skeleton (D:4)
  2 worms
  6 leopard geckos
  22 orcs
  12 bats
  4 giant cockroaches
  9 goblins
  4 hobgoblins (D:1)
  7 jackals
  7 kobolds
  2 quokkas (D:3)
  2 frilled lizards
  3 goblin skeletons (D:5)
  2 hobgoblin zombies (D:5)
  A kobold skeleton (D:5)
  A kobold zombie (D:5)
  2 orc skeletons (D:5)
  2 orc zombies (D:5)
  A quokka skeleton (D:4)
  3 rats
121 creatures vanquished.
